 Dungeon Crawl Stone Soup version 0.26.1-10-gdfb7c7de75 (console) character file.

Game seed: 11411204664646320263

2356 erker the Geomancer (level 9, -8/54 HPs)
             Began as an Octopode Earth Elementalist on Apr 8, 2021.
             Was a Priest of Cheibriados.
             Mangled by a gnoll shaman
             ... wielding a +0 trident
              (11 damage)
             ... in a bailey.
             The game lasted 00:43:15 (9680 turns).

erker the Geomancer (Octopode Earth Elementalist)   Turns: 9680, Time: 00:43:15

Health: -8/54      AC:  1    Str: 19    XL:     9   Next: 44%
Magic:  1/12       EV: 14    Int: 26    God:    Cheibriados [***...]
Gold:   1165       SH:  5    Dex: 19    Spells: 2/12 levels left

rFire    . . .     SeeInvis +   d - +0 dagger
rCold    . . .     Faith    .   (no shield)
rNeg     . . .     Spirit   .   (helmet restricted)
rPois    .         Reflect  +   w - amulet of reflection
rElec    .         Harm     .   j - +6 ring of strength
rCorr    .         Rampage  .   y - ring of see invisible
Will     .....                  (no ring)
Stlth    +++++.....             (no ring)
HPRegen  0.18/turn              (no ring)
MPRegen  0.13/turn              (no ring)
                                (no ring)
                                (no ring)

@: very slightly contaminated, very slow
A: almost no armour, stealthy swim, amphibious, 8 rings, constrict 8, camouflage
1, gelatinous body 1
a: Renounce Religion, Bend Time, Temporal Distortion


You were in a bailey.
You worshipped Cheibriados.
Cheibriados was most pleased with you.
You visited 1 branch of the dungeon, and saw 7 of its levels.
You also visited: Bailey.

You collected 1165 gold pieces.

Inventory:

Hand Weapons
 d - a +0 dagger (weapon)
 p - a +0 hand axe
 D - a +0 trident of venom
Missiles
 b - 191 stones (quivered)
 e - 146 arrows
 g - 5 boomerangs of dispersal
 C - 3 throwing nets
Jewellery
 j - a +6 ring of strength (left tentacle)
 m - an uncursed ring of stealth {unknown}
 w - an amulet of reflection (around mantle)
 y - a ring of see invisible (right tentacle)
 z - an uncursed ring of ice {unknown}
Scrolls
 a - 5 scrolls of identify
 c - 2 scrolls of enchant armour {unknown}
 i - 5 scrolls of remove curse {unknown}
 k - 4 scrolls of teleportation {unknown}
 l - 4 scrolls of magic mapping {unknown}
 n - 2 scrolls of amnesia {unknown}
 o - a scroll of fear {unknown}
 q - a scroll of enchant weapon {unknown}
 r - 3 scrolls of noise {unknown}
 u - 2 scrolls of fog {unknown}
Potions
 f - 3 potions of cancellation
 h - 3 potions of curing
 s - a potion of degeneration {unknown}
 t - a potion of mutation {unknown}
 v - a potion of brilliance {unknown}
 x - a potion of heal wounds {unknown}
 A - a potion of magic {unknown}


   Skills:
 - Level 2.0 Fighting
 - Level 5.0 Short Blades
 - Level 2.0 Dodging
 - Level 6.0 Stealth
 - Level 2.0 Spellcasting
 - Level 3.0 Conjurations
 - Level 6.0 Transmutations
 - Level 8.0 Earth Magic
 + Level 2.2 Invocations


You had 2 spell levels left.
You knew the following spells:

 Your Spells              Type           Power        Failure   Level
a - Sandblast             Erth           88%          1%          1
g - Stone Arrow           Conj/Erth      62%          3%          3
p - Petrify               Tmut/Erth      39%          6%          4
w - Passwall              Tmut/Erth      32%          1%          2

Your spell library contained the following spells:

 Spells                   Type           Power        Failure   Level
 Magic Dart               Conj           72%          3%          1
 Searing Ray              Conj           36%          4%          2
 Summon Small Mammal      Summ           8%           11%         1
 Call Imp                 Summ           2%           16%         2
 Lee's Rapid Deconstruct  Erth           22%          11%         5
 Dazzling Flash           Conj/Hex       20%          17%         3
 Call Canine Familiar     Summ           2%           30%         3
 Summon Guardian Golem    Hex/Summ       2%           30%         3
 Fulminant Prism          Conj/Hex       5%           50%         4
 Iskenderun's Mystic Bla  Conj/Tloc      10%          50%         4
 Summon Ice Beast         Ice/Summ       2%           71%         4
 Summon Lightning Spire   Summ/Air       2%           71%         4


Dungeon Overview and Level Annotations

Branches:
Dungeon (7/15)             Bailey (1/1)
 Temple: D:4-7

Altars:
Cheibriados
Dithmenos
Gozag
Hepliaklqana
Uskayaw
Vehumet
Yredelemnul
Zin
The Shining One

Shops:
D:7 [

Annotations:
D:5 exclusion: 2 lemures
D:7 3 exclusions


Innate Abilities, Weirdness & Mutations

You cannot wear most types of armour.
You are very stealthy in the water. (Stealth+)
You are amphibious.
You can wear up to eight rings at the same time.
You can use your tentacles to constrict eight enemies at once.
Your skin changes colour to match your surroundings (Stealth+).
Your rubbery body absorbs attacks. (AC +1, EV +1)


Message History

Aim: a gnoll shaman, wielding a +0 trident and wearing a cursed +0 ring mail (19% to evade)
The stone arrow hits the gnoll shaman.
The gnoll shaman is moderately wounded.
The gnoll shaman barely misses you.
Casting: Stone Arrow (dangerous; 3% risk of failure)
Confirm with . or Enter, or press ? or * to list all spells.
You don't have enough magic to cast that spell.
Unknown command.
Casting: Stone Arrow (dangerous; 3% risk of failure)
Confirm with . or Enter, or press ? or * to list all spells.
You don't have enough magic to cast that spell.
Unknown command.
The gnoll shaman hits you from afar with a +0 trident!
The gnoll shaman hits you from afar with a +0 trident.
The gnoll shaman completely misses you.
The gnoll shaman hits you from afar with a +0 trident!
The gnoll shaman hits you from afar with a +0 trident!
* * * LOW HITPOINT WARNING * * *
The gnoll shaman hits you from afar with a +0 trident!
You die...

♣≈......#.. #...'...
♣≈..##+## #####..≈ ♣≈..#
#..≈ ♣≈..# #..≈ ♣≈.)#
#..≈ ♣≈.)## #..≈ ♣≈...##
###..≈
♣≈≈..g#############...≈≈
♣♣≈≈≈≈≈@(≈≈≈≈≈≈≈≈≈≈≈≈≈≈♣
♣♣♣♣♣♣♣♣♣♣♣♣♣♣♣♣♣♣♣♣♣♣♣


You could see a gnoll shaman.

Vanquished Creatures
  Sigmund (D:2)
  A water moccasin (D:5)
  An ice beast (D:5)
  A centaur (D:5)
  6 ogres
  7 gnoll sergeants (Bailey)
  A bullfrog (D:5)
  2 scorpions
  A wight (D:6)
  A howler monkey (D:4)
  A bullfrog zombie (D:6)
  4 gnoll shamans (Bailey)
  3 orc priests
  2 hounds (Bailey)
  4 orc wizards
  An iguana (D:3)
  A worker ant (D:6)
  4 adders
  14 gnolls (Bailey)
  2 white imps (D:6)
  An ufetubus (D:6)
  An adder zombie (D:6)
  2 oozes (D:1)
  4 worms
  2 dart slugs
  5 leopard geckos
  11 orcs
  4 bats
  3 giant cockroaches
  6 goblins
  3 hobgoblins (D:1)
  5 jackals
  8 kobolds
  4 quokkas
  3 frilled lizards
  A leopard gecko skeleton (D:7)
  4 rats
125 creatures vanquished.

Vanquished Creatures (others)
  7 toadstools (D:1)
7 creatures vanquished.

Grand Total: 132 creatures vanquished

Notes
Turn   | Place    | Note
-------+----------+-------------------------------------------
     0 | D:1      | erker the Octopode Earth Elementalist began the quest for
                  | the Orb.
     0 | D:1      | Reached XP level 1. HP: 11/11 MP: 3/3
   419 | D:1      | Reached XP level 2. HP: 17/17 MP: 5/5
   425 | D:1      | Learned a level 2 spell: Passwall
   871 | D:1      | Reached skill level 4 in Earth Magic
  1086 | D:1      | Reached XP level 3. HP: 20/21 MP: 6/6
  1690 | D:2      | Found a snail-covered altar of Cheibriados.
  1690 | D:2      | Found a hazy altar of Hepliaklqana.
  1690 | D:2      | Found a glowing silver altar of Zin.
  1698 | D:2      | Became a worshipper of Cheibriados the Contemplative
  1875 | D:2      | Reached skill level 1 in Short Blades
  1902 | D:2      | Noticed Sigmund
  1943 | D:2      | Found a faded altar of an unknown god.
  2199 | D:2      | Reached XP level 4. HP: 25/27 MP: 7/7
  3101 | D:3      | Found a radiant altar of Vehumet.
  3180 | D:3      | Reached XP level 5. HP: 31/31 MP: 6/8
  3414 | D:3      | Reached * piety under Cheibriados
  3441 | D:3      | Reached skill level 1 in Fighting
  3441 | D:3      | Reached XP level 6. HP: 26/38 MP: 4/9
  3602 | D:3      | Found a glowing golden altar of the Shining One.
  3667 | D:3      | Found a basalt altar of Yredelemnul.
  4155 | D:2      | Learned a level 3 spell: Stone Arrow
  4159 | D:2      | Killed Sigmund
  4649 | D:5      | Entered Level 5 of the Dungeon
  5111 | D:4      | Reached XP level 7. HP: 45/45 MP: 6/10
  5229 | D:4      | Learned a level 4 spell: Petrify
  5486 | D:5      | Reached skill level 5 in Earth Magic
  5677 | D:5      | Found an opulent altar of Gozag.
  6026 | D:5      | Found a shadowy altar of Dithmenos.
  6071 | D:5      | Reached skill level 6 in Earth Magic
  6250 | D:5      | Reached ** piety under Cheibriados
  6251 | D:5      | Reached skill level 5 in Stealth
  6251 | D:5      | Reached XP level 8. HP: 12/50 MP: 9/11
  6586 | D:6      | Reached skill level 5 in Short Blades
  6762 | D:6      | Reached skill level 5 in Transmutations
  7720 | D:6      | Found a hide-covered altar of Uskayaw.
  7915 | D:7      | Reached skill level 7 in Earth Magic
  8078 | D:7      | Found Sauj's Antique Armour Emporium.
  8088 | D:7      | Found a flagged portal.
  8103 | Bailey   | Entered a bailey
  8106 | Bailey   | Reached XP level 9. HP: 54/54 MP: 10/12
  8459 | Bailey   | Reached skill level 1 in Conjurations
  9171 | Bailey   | Reached *** piety under Cheibriados
  9172 | Bailey   | Reached skill level 8 in Earth Magic
  9383 | Bailey   | Reached skill level 1 in Invocations
  9680 | Bailey   | Mangled by a gnoll shaman

Illustrated notes

Levels and vault maps discovered:
D:1:      nagdon_arrival_double_spiral, layout_basic
D:2:      layout_loops_corners, chequers_temple_overflow_statue_of_worship,
          chequers_ecumenical_altar_simple_redux, serial_aquarium,
          aquarium_bridge_square [aquarium_subvault_wall,
          aquarium_subvault_window, aquarium_subvault_bridge,
          aquarium_subvault_balcony], aquarium_bridge_straight
          [aquarium_subvault_bridge, aquarium_subvault_wall,
          aquarium_subvault_bridge, aquarium_subvault_wall],
          aquarium_window_corner, aquarium_window_1, aquarium_window_fake,
          aquarium_view_2g, aquarium_balcony_3a, aquarium_pool_corner,
          chequers_serial_rivers_room_b, roderic_lattice_a,
          minmay_misc_feat_columns, uniq_sigmund
D:3:      layout_basic, nicolae_tso_swordbearing_angel,
          overflow_temple_1_default, vehumet_crystals
D:4:      layout_gridville, minmay_between
D:5:      layout_rooms, minitemple, lemuel_statue_altar, uniq_pikel
D:6:      minmay_skewed_foursquare, layout_loops_ring, marbit_many_paths,
          kennysheep_generic_room_8
D:7:      layout_loops_cross, minmay_temple_entry_mini_moons, enter_bailey_2,
          serial_shops, nicolae_shop_crystal, shop, minivault_14
Bailey:   bailey_polearm_gnolls_kennysheep, bailey

Skill      XL: |  1  2  3  4  5  6  7  8  9 |
---------------+----------------------------+-----
Earth Magic    | 4 6 7 8 |  8.0
Stealth        | 3 4 5 6 |  6.0
Short Blades   | 1 3 4 5 |  5.0
Fighting       | 1 2 |  2.0
Transmutations | 3 4 6 |  6.0
Conjurations   | 3 |  3.0
Invocations    | 2 |  2.2
Dodging        | |  2.0
Spellcasting   | |  2.0

Action                   |  1- 3 |  4- 6 |  7- 9 || total
-------------------------+-------+-------+-------++-------
Melee: Unarmed           |     3 |       |       ||     3
       Tentacles         |    11 |    15 |    21 ||    47
       Constrict         |     9 |    15 |    15 ||    39
       Dagger            |    48 |    51 |    68 ||   167
Throw: Stone             |       |       |     1 ||     1
 Cast: Sandblast         |    10 |    26 |    60 ||    96
       Passwall          |     1 |     6 |     4 ||    11
       Petrify           |       |       |     2 ||     2
       Stone Arrow       |       |       |    56 ||    56
  Use: Scroll            |       |     2 |       ||     2
 Stab: Sleeping          |    11 |    13 |     4 ||    28
       Petrified         |       |       |     2 ||     2
Armor: Skin              |     3 |       |     4 ||     7
Dodge: Dodged            |    17 |    14 |    73 ||   104
Block: Other             |       |       |    13 ||    13
